 Dungeon Crawl Stone Soup version 0.24-b1 (webtiles) character file.

Game seed: 7664689235517251212, levelgen mode: deterministic

214 Arixos the Charmwright (level 5, -1/27 HPs)
             Began as a Vine Stalker Skald on Oct 13, 2019.
             Killed from afar by an orc wizard (9 damage)
             ... with a magic dart
             ... on level 3 of the Dungeon.
             The game lasted 00:10:20 (1865 turns).

Arixos the Charmwright (Vine Stalker Skald)         Turns: 1865, Time: 00:10:21

Health: -1/27      AC:  3    Str: 14    XL:     5   Next: 91%
Magic:  0/10       EV: 12    Int: 13    God:
Gold:   121        SH:  0    Dex: 14    Spells: 1/9 levels left

rFire    . . .     SeeInvis .   a - +0 falchion
rCold    . . .     Gourm    .   (no shield)
rNeg     . . .     Faith    .   b - +0 leather armour
rPois    .         Spirit   +   (no helmet)
rElec    .         Reflect  .   (no cloak)
rCorr    .         Harm     .   (no gloves)
MR       .....                  (no boots)
Stlth    ++........             (no amulet)
HPRegen  0.49/turn              (no ring)
MPRegen  0.12/turn              (no ring)

@: singing, very slightly contaminated, lightly drained
A: fangs 2, regeneration 1, magic shield, antimagic bite, no potion heal 3, rot
immunity
a: no special abilities


You were on level 3 of the Dungeon.
You were hungry.

You visited 1 branch of the dungeon, and saw 3 of its levels.

You collected 121 gold pieces.

Inventory:

Hand Weapons
 a - a +0 falchion (weapon)
Armour
 b - a +0 leather armour (worn)
Jewellery
 k - a +1 ring of slaying
Scrolls
 c - a scroll of teleportation
 e - a scroll of identify
Potions
 g - a potion of heal wounds {unknown}
 h - 2 potions of berserk rage {unknown}
 i - a potion of agility
 j - a potion of flight {unknown}
Comestibles
 d - 8 rations
 f - 5 chunks of flesh


   Skills:
 + Level 2.4(2.3) Fighting
 + Level 2.4(2.3) Long Blades
 + Level 1.5(1.4) Armour
 + Level 2.3(2.2) Dodging
 + Level 1.9(1.8) Stealth
 + Level 2.9(2.8) Spellcasting
 + Level 3.6(3.5) Charms
 + Level 0.9(0.8) Necromancy
 + Level 1.4 Translocations


You had one spell level left.
You knew the following spells:

 Your Spells              Type           Power        Failure   Level  Hunger
a - Song of Slaying       Chrm           ##......     10%         2    ###....
b - Infusion              Chrm           ##..         7%          1    #......
r - Regeneration          Chrm/Necr      #.........   34%         3    ###....
s - Shroud of Golubria    Chrm/Tloc      #.....       16%         2    ###....

Your spell library contained the following spells:

 Spells                   Type           Power        Failure   Level  Hunger
 Spectral Weapon          Hex/Chrm       #.......     38%         3    ###....


Dungeon Overview and Level Annotations

Branches:
Dungeon (3/15)

Altars:
Uskayaw
Yredelemnul

Annotations:
D:2 exclusion: gnoll
D:3 1 runed translucent door, Kohma's ghost, novice FoFi


Innate Abilities, Weirdness & Mutations

You have extremely sharp teeth.
Your natural rate of healing is unusually fast.
When hurt, damage is shared between your health and your magic reserves.
Your bite disrupts and absorbs the magic of your enemies.
Potions cannot restore your health.
You are immune to rotting.


Message History

Casting: Regeneration (safe; 34% risk of failure)
Confirm with . or Enter, or press ? or * to list all spells.
You don't have enough magic to cast that spell.
The orc wizard shouts!
The orc barely misses you.
Things that are here:
a +3 mace of draining; a +0 leather armour You closely miss the orc.
Your bite misses the orc. The orc barely misses you.
You riposte.
You slash the orc!
You kill the orc!
A rat comes into view.
You barely miss the rat. Your bite misses the rat. The rat closely misses you.
You riposte.
You barely miss the rat. Your bite misses the rat. You closely miss the rat.
You bite the rat.
You kill the rat!
You hit the rat.
You kill the rat!
The orc wizard gestures at you while chanting.
The magic dart hits you!
You die...

#.# ... #.# #o# #r# #.# ###
#o# P8P# #)# W$.# #@# #+##..
#.# .....> .########.# ....#
..........#
###############..##########
.......########...........####
........##......##...........#
..).............##...........#
...8.......8....##...........#


You could see an orc wizard, an orc and a rat.

Vanquished Creatures
  An orc priest (D:3)
  An orc wizard (D:3)
  3 gnolls
  5 adders
  4 worms
  5 dart slugs
  4 orcs (D:3)
  A ball python (D:1)
  9 bats
  A giant cockroach (D:1)
  4 goblins
  4 hobgoblins
  3 jackals (D:2)
  9 kobolds
  3 frilled lizards
  5 rats
62 creatures vanquished.

Vanquished Creatures (others)
  2 withered plants (D:3)
2 creatures vanquished.

Grand Total: 64 creatures vanquished

Notes
Turn   | Place    | Note
-------+----------+-------------------------------------------
     0 | D:1      | Arixos the Vine Stalker Skald began the quest for the Orb.
     0 | D:1      | Reached XP level 1. HP: 11/11 MP: 4/4
    85 | D:1      | Reached skill level 1 in Armour
    85 | D:1      | Reached XP level 2. HP: 14/15 MP: 6/6
   113 | D:1      | Learned a level 2 spell: Shroud of Golubria
   518 | D:1      | Reached XP level 3. HP: 17/18 MP: 7/7
   831 | D:2      | Reached skill level 1 in Stealth
   959 | D:2      | Gained mutation: Your natural rate of healing is unusually
                  | fast. [Vine Stalker growth]
   959 | D:2      | Reached XP level 4. HP: 20/23 MP: 8/8
   964 | D:2      | Reached skill level 1 in Translocations
  1138 | D:2      | Learned a level 3 spell: Regeneration
  1180 | D:2      | Found a basalt altar of Yredelemnul.
  1639 | D:3      | Reached XP level 5. HP: 26/26 MP: 6/10
  1643 | D:3      | Learned a level 2 spell: Song of Slaying
  1645 | D:3      | Found a hide-covered altar of Uskayaw.
  1654 | D:3      | Found a runed translucent door.
  1654 | D:3      | Noticed Kohma's ghost (novice FoFi)
  1865 | D:3      | Killed from afar by an orc wizard

Skill      XL: |  1  2  3  4 |
---------------+-------------+-----
Armour         | 1 |  1.5
Fighting       | 2 |  2.4
Long Blades    | 2 |  2.4
Stealth        | 1 |  1.9
Dodging        | 2 |  2.3
Translocations | 1 |  1.4
Spellcasting   | |  2.9
Charms         | |  3.6
Necromancy     | |  0.9

Action                   |  1- 3 |  4- 6 || total
-------------------------+-------+-------++-------
Melee: Falchion          |    64 |   136 ||   200
       Bite              |    14 |    51 ||    65
 Cast: Shroud of Golubri |     7 |    23 ||    30
       Regeneration      |       |     2 ||     2
       Song of Slaying   |       |     2 ||     2
  Use: Scroll            |       |     3 ||     3
  Eat: Chunk             |     1 |     5 ||     6
Armor: Leather armour    |    21 |    18 ||    39
Dodge: Dodged            |    44 |    84 ||   128
       Rpst.: Falchion   |    24 |    20 ||    44
